Map: Tours du crépuscule

Players

WolfBlooded

  • Race: Protoss Protoss
  • League: Silver

pupu - Winner!

  • Race: Protoss Protoss
  • League: Silver

VOD

Have the link to the VOD?

Description

Time

  • Played on: April 4, 2016, 12:52 p.m.
  • Length: 13:14
Show
View Real Time Build Order
Export as new Build Order

WolfBlooded Protoss 

Build Orders:  

Get SALT Encoding   

  12  0:12  Pylon  
  12  0:15  Probe (Chrono Boost)  
  13  0:25  Probe (Chrono Boost)  
  14  0:34  Gateway  
  14  0:39  Assimilator  
  14  0:42  Probe (Chrono Boost)  
  15  0:53  Probe (Chrono Boost)  
  16  1:03  Probe (Chrono Boost)  
  17  1:14  Probe (Chrono Boost)  
  18  1:21  Cybernetics Core  
  18  1:27  Zealot, Assimilator  
  20  1:36  Pylon  
  20  1:38  Probe (Chrono Boost)  
  21  1:48  Probe (Chrono Boost)  
  22  1:57  Warp Gate  
  22  1:59  Mothership Core (Chrono Boost)  
  24  2:02  Zealot  
  26  2:34  Stargate  
  26  2:40  Probe (Chrono Boost)  
  26  2:44  Nexus  
  27  2:54  Stalker  
  29  3:07  Probe (Chrono Boost)  
  30  3:14  Pylon  
  30  3:34  Fleet Beacon  
  29  3:57  Probe (Chrono Boost)  
  30  4:07  Stalker  
  30  4:08  Probe (Chrono Boost)  
  33  4:13  Gateway  
  33  4:18  Probe (Chrono Boost)  
  40  4:27  Probe (Chrono Boost)  
  40  4:29  Probe (Chrono Boost)  
  42  4:34  Pylon  
  42  4:39  Probe (Chrono Boost)  
  43  4:50  Probe (Chrono Boost)  
  44  4:57  Gateway x2  
  44  5:00  Probe (Chrono Boost)  
  44  5:01  Probe (Chrono Boost)  
  46  5:07  Pylon  
  46  5:10  Assimilator  
  46  5:15  Assimilator  
  46  5:17  Probe (Chrono Boost)  
  46  5:18  Probe (Chrono Boost)  
  48  5:24  Sentry  
  48  5:25  Sentry  
  52  5:47  Probe (Chrono Boost)  
  52  5:49  Probe (Chrono Boost)  
  54  5:55  Tempest (Chrono Boost)  
  58  5:59  Probe (Chrono Boost)  
  59  6:06  Stargate  
  59  6:08  Pylon  
  59  6:09  Pylon  
  59  6:14  Probe (Chrono Boost)  
  59  6:18  Probe (Chrono Boost)  
  61  6:25  Probe (Chrono Boost)  
  62  6:29  Probe (Chrono Boost)  
  63  6:43  Tempest (Chrono Boost)  
  67  6:50  Protoss Air Weapons Level 1  
  71  6:58  Tempest (Chrono Boost)  
  71  7:07  Nexus  
  71  7:11  Probe, Pylon  
  71  7:12  Probe  
  71  7:14  Pylon  
  73  7:24  Tempest (Chrono Boost)  
  73  7:27  Probe  
  79  7:30  Probe  
  79  7:45  Assimilator  
  63  8:03  Sentry x2  
  69  8:12  Tempest (Chrono Boost)  
  69  8:13  Tempest (Chrono Boost)  
  63  8:38  Stalker  
  63  8:39  Stalker x2  
  63  8:47  Mothership Core  
  65  8:50  Tempest (Chrono Boost)  
  63  9:09  Stalker x4  
  71  9:17  Nexus  
  67  9:23  Assimilator  
  67  9:33  Gateway  
  67  9:34  Gateway  
  67  9:36  Gateway  
  67  9:37  Tempest (Chrono Boost)  
  71  9:45  Zealot x2  
  73  9:46  Zealot x2  
  73  10:05  Tempest (Chrono Boost)  
  77  10:14  Tempest (Chrono Boost)  
  77  10:18  Stalker x4  
  73  10:34  Stalker x2  
  73  10:35  Stalker  
  79  10:38  Probe  
  80  10:49  Probe  
  73  11:08  Tempest (Chrono Boost)  
  67  11:19  Tempest (Chrono Boost)  
  67  11:22  Zealot  
  67  11:23  Zealot x3  
  71  11:35  Pylon  
  71  11:38  Stalker x3  
  55  12:10  Tempest x2 (Chrono Boost)  
  63  12:18  Pylon  
  63  12:33  Sentry  
  63  12:34  Sentry  
  55  12:50  Zealot x3  
  57  13:01  Zealot x2  
Show
View Real Time Build Order
Export as new Build Order

pupu Protoss - Winner!

Build Orders: 1 Gate Expand 

Get SALT Encoding   

  12  0:01  Probe (Chrono Boost)  
  13  0:11  Probe (Chrono Boost)  
  14  0:19  Pylon  
  14  0:22  Probe (Chrono Boost)  
  15  0:37  Probe (Chrono Boost)  
  15  0:41  Gateway  
  16  0:48  Probe (Chrono Boost)  
  17  0:50  Assimilator  
  17  0:58  Probe (Chrono Boost)  
  18  1:09  Probe (Chrono Boost)  
  19  1:23  Nexus  
  19  1:33  Cybernetics Core  
  19  1:36  Probe (Chrono Boost)  
  20  1:42  Assimilator  
  20  1:47  Probe (Chrono Boost)  
  20  1:53  Pylon  
  21  1:57  Probe (Chrono Boost)  
  22  2:08  Probe (Chrono Boost)  
  23  2:09  Warp Gate (Chrono Boost)  
  23  2:12  Adept  
  25  2:20  Probe  
  26  2:29  Robotics Facility  
  26  2:32  Probe  
  27  2:39  Stalker  
  29  2:48  Probe  
  29  2:49  Probe  
  31  3:02  Probe  
  31  3:03  Probe  
  33  3:13  Probe  
  33  3:14  Gateway  
  33  3:15  Probe  
  33  3:16  Gateway  
  35  3:54  Pylon  
  33  3:58  Forge  
  33  4:01  Observer  
  34  4:08  Stalker  
  36  4:14  Stalker x2  
  40  4:17  Probe  
  40  4:18  Probe  
  40  4:23  Pylon  
  42  4:26  Pylon  
  42  4:27  Probe  
  42  4:30  Probe  
  45  4:33  Warp Prism  
  45  4:38  Probe  
  46  4:42  Stalker x3  
  53  4:56  Pylon  
  53  4:58  Pylon  
  53  5:02  Gateway  
  53  5:04  Gateway  
  53  5:05  Pylon  
  53  5:10  Pylon  
  53  5:15  Pylon  
  53  5:16  Immortal  
  57  5:24  Photon Cannon  
  57  5:27  Photon Cannon  
  57  5:32  Photon Cannon  
  57  5:35  Photon Cannon  
  57  5:37  Probe x2  
  57  5:38  Pylon  
  60  5:50  Probe  
  60  5:52  Stalker x2  
  60  5:53  Stalker  
  66  5:59  Protoss Shields Level 1  
  66  6:12  Assimilator  
  66  6:14  Pylon  
  66  6:16  Photon Cannon  
  66  6:19  Photon Cannon  
  66  6:23  Photon Cannon  
  66  6:24  Probe  
  67  6:25  Probe, Assimilator  
  67  6:31  Observer  
  69  6:37  Probe, Photon Cannon  
  70  6:43  Photon Cannon  
  70  6:48  Sentry x4  
  70  6:52  Pylon  
  78  7:11  Stalker x3  
  78  7:12  Stalker x2  
  88  7:30  Pylon  
  88  7:34  Nexus  
  72  8:33  Stalker x2, Pylon  
  72  8:34  Stalker x3  
  66  9:04  Gateway  
  66  9:15  Stalker x5  
  76  9:32  Pylon  
  76  9:33  Gateway  
  76  9:35  Probe  
  76  9:36  Probe, Gateway  
  78  9:38  Probe  
  79  9:45  Probe  
  79  9:48  Probe  
  79  9:52  Stalker x3  
  83  9:53  Stalker x2  
  75  10:38  Zealot x4  
  75  10:39  Zealot x2  
  83  10:49  Probe x2, Pylon  
  83  10:50  Probe  
  83  10:53  Assimilator  
  84  10:57  Assimilator  
  84  11:00  Pylon  
  84  11:03  Stalker, Pylon  
  84  11:04  Stalker x6  
  84  11:05  Stalker  
  86  11:35  Stalker x5  
  86  11:36  Stalker  
  90  12:20  Stalker x4  
  90  12:21  Stalker  
  88  12:57  Stalker x3  
  88  12:58  Stalker  
Tags
 
Add a new tag
Caveats
  • Supply blocks, unpowered buildings, or Contaminate may cause inaccurate times.
  • Supply counts are checked every 10 seconds.